 Dungeon Crawl Stone Soup version 0.32-a0-933-ga8fa3634e4 (webtiles) character file.

Game seed: 6337224296481786587

118 LadyBoffin the Conjurer (level 5, 0/28 HPs)
             Began as a Tengu Conjurer on Apr 14, 2024.
             Slain by a scorpion (2 damage)
             ... on level 5 of the Dungeon.
             The game lasted 00:09:10 (2744 turns).

LadyBoffin the Conjurer (Tengu Conjurer)            Turns: 2744, Time: 00:09:11

Health: 0/28       AC:  4    Str:  8    XL:     5   Next: 2%
Magic:  8/10       EV: 11    Int: 18    God:
Gold:   134        SH:  0    Dex: 14    Spells: 2/9 levels left

rFire   . . .        n - +0 dagger (venom)
rCold   . . .        (no shield)
rNeg    . . .        i - +0 leather armour
rPois   .            (helmet restricted)
rElec   .            (no cloak)
rCorr   .            j - +0 pair of gloves
SInv    .            (boots unavailable)
Will    .....        (no amulet)
Stlth   ++           (no ring)
HPRegen 0.24/turn    (no ring)
MPRegen 0.12/turn

%: acrobat
@: brilliant, lethally poisoned (0 -> -3), attractive
A: beak, talons 3, acrobatic
a: no special abilities


You were on level 5 of the Dungeon.
You visited 1 branch of the dungeon, and saw 4 of its levels.

You collected 134 gold pieces.

Inventory:

Hand Weapons
 d - a +0 dagger
 l - a +0 short sword
 n - a +0 dagger of venom (weapon)
Armour
 a - a +0 robe
 i - a +0 leather armour (worn)
 j - a +0 pair of gloves (worn)
Magical Staves
 g - a staff of death
Scrolls
 f - a scroll of amnesia
Potions
 b - 3 potions of magic
 h - a potion of curing {unknown}
 m - a potion of heal wounds {unknown}


   Skills:
 + Level 3.3 Dodging
 + Level 3.1 Stealth
 + Level 2.8 Spellcasting
 + Level 6.1 Conjurations
 + Level 0.1 Translocations


You had 2 spell levels left.
You knew the following spells:

 Your Spells              Type           Power      Damage    Failure   Level
a - Magic Dart            Conj           100%       1d8       1%          1
b - Searing Ray           Conj           72%        2d7       3%          2
c - Iskenderun's Mystic Conj/Tloc 20%            2d6        (+2d3     54%         4

Your spell library contained the following spells:

 Spells                   Type           Power      Damage    Failure   Level
 Fulminant Prism          Conj/Alch      10%        3d8       56%         4


Dungeon Overview and Level Annotations

Branches:
Dungeon (3/15)

Altars:

Shops:
D:3 (


Innate Abilities, Weirdness & Mutations

You have a beak for a mouth.
You have claws for feet.
You can magically evade attacks while moving or waiting.


Message History

A hound comes into view.
The hound barks!
The sleepcap attacks as it pursues you! The sleepcap closely misses you.
The hound pauses to sniff the ground.
A scorpion comes into view.
The sleepcap attacks as it pursues you! The sleepcap misses you.
Casting: Magic Dart (safe; 1% risk of failure)
Confirm with . or Enter, or press ? or * to list all spells.
Aiming: Searing Ray (safe; 3% risk of failure)
Press: ? - help, Shift-Dir - straight line, f - ice beast
Aim: an ice beast (79% to hit)
The searing ray hits the sleepcap but does no damage.
The searing ray hits the hound.
The hound is lightly wounded.
The searing ray misses the ice beast. (Press . to maintain the ray.)
The sleepcap releases spores at you.
You are engulfed in a cloud of soporific spores!
You fall asleep.
The scorpion stings you!
You wake up.
Ouch! That really hurt!
You are poisoned.
The scorpion poisons you!
You feel sick. The scorpion completely misses you.
The sleepcap releases spores at you.
* * * LOW HITPOINT WARNING * * *
It was a potion of attraction.
You feel attractive to monsters.
* * * LOW HITPOINT WARNING * * *
You feel sick. The scorpion stings you.
* * * LOW HITPOINT WARNING * * *
The sleepcap barely misses you.
It was a potion of brilliance.
You feel clever all of a sudden.
* * * LOW HITPOINT WARNING * * *
You feel sick. The scorpion stings you.
* * * LOW HITPOINT WARNING * * *
The sleepcap releases spores at you but does no damage.
The scorpion stings you.
You die...

### #.. #.#
#.# #.# #.#
#.# #s# #@#
#f# #h# #Y#
#.# #.# #.#
#.##########
#...h.......


You could see an ice beast, a sleepcap, a scorpion and a hound.

Vanquished Creatures
  A hound (D:3)
  An adder (D:2)
  2 ribbon worms (D:2)
  8 orcs
  2 ball pythons
  6 endoplasms
  A giant cockroach (D:1)
  6 goblins
  4 hobgoblins
  5 jackals
  3 quokkas
  8 bats
  3 frilled lizards
  6 kobolds
  6 rats
62 creatures vanquished.

Notes
Turn   | Place    | Note
-------+----------+-------------------------------------------
     0 | D:1      | LadyBoffin the Tengu Conjurer began the quest for the Orb.
     0 | D:1      | Reached XP level 1. HP: 10/10 MP: 4/4
   101 | D:1      | Reached XP level 2. HP: 15/15 MP: 3/6
   632 | D:1      | Reached XP level 3. HP: 19/19 MP: 4/7
  1184 | D:2      | Learned a level 2 spell: Searing Ray
  1541 | D:2      | Reached XP level 4. HP: 24/24 MP: 5/8
  1977 | D:3      | Reached skill level 6 in Conjurations
  2127 | D:3      | Learned a level 4 spell: Iskenderun's Mystic Blast
  2346 | D:3      | Reached XP level 5. HP: 28/28 MP: 0/10
  2515 | D:3      | Found Jiraeffie's Antique Weapon Shop.
  2571 | D:3      | You fall into a shaft and drop 2 floors!
  2571 | D:5      | Entered Level 5 of the Dungeon
  2663 | D:5      | Noticed an ice beast
  2744 | D:5      | Slain by a scorpion

Illustrated notes

Levels and vault maps discovered:
D:1:      dpeg_arrival_round_b, layout_loops_ring, minmay_statues_item,
          minmay_indecisive_spiral
D:2:      layout_loops_ring, due_unseen_surprise
D:3:      layout_loops_corners, serial_shops, shop, grunt_ministairs_7,
          st_stairs_2
D:5:      layout_loops_ring, serial_shops, shop

Skill      XL: |  1  2  3  4 |
---------------+-------------+-----
Dodging        | 3 |  3.3
Stealth        | 3 |  3.1
Conjurations   | 6 |  6.1
Spellcasting   | |  2.8
Translocations | |  0.1

Action                     |  1- 3 |  4- 6 || total
---------------------------+-------+-------++-------
  Melee: Unarmed           |     6 |       ||     6
         Kick              |     9 |     3 ||    12
         Dagger            |    30 |       ||    30
         Peck              |     4 |     2 ||     6
         Short sword       |       |     4 ||     4
   Cast: Magic Dart        |    59 |    41 ||   100
         Searing Ray       |       |     1 ||     1
    Use: Scroll            |     2 |     1 ||     3
         Potion            |       |     2 ||     2
 Armour: Robe              |     8 |       ||     8
         Leather armour    |     3 |    13 ||    16
  Dodge: Dodged            |    32 |    12 ||    44

Table legend: (Time is in decaauts)
 A = Elapsed time spent in this place.
 B = Non-inter-level travel time spent in this place.
 C = Inter-level travel time spent in this place.
 D = Time resting spent in this place.
 E = Time spent auto-exploring this place.
 F = Levels seen in this place.
 G = Mean time per level.
                   A        B        C        D        E       F      G
               +--------+--------+--------+--------+--------+-----+--------+
         Total |   2741 |   2672 |     69 |    138 |   1954 |   4 |  685.2 |
       Dungeon |   2741 |   2672 |     69 |    138 |   1954 |   4 |  685.2 |
               +--------+--------+--------+--------+--------+-----+--------+

Top non-repeatable levels by time:
     D:1: 971 daAuts
     D:2: 955 daAuts
     D:3: 642 daAuts
     D:5: 172 daAuts
